 Dungeon Crawl Stone Soup version 0.21-a0-278-ga722497 (webtiles) character file.

20 Raykoid666 the Stinger (level 2, 0/19 HPs)
             Began as a Demonspawn Wanderer on Sept 22, 2017.
             Slain by a kobold (4 damage)
             ... on level 2 of the Dungeon.
             The game lasted 00:03:48 (1139 turns).

Raykoid666 the Stinger (Demonspawn Wanderer)        Turns: 1139, Time: 00:03:48

Health: 0/19       AC:  5    Str: 13    XL:     2   Next: 58%
Magic:  2/5        EV: 10    Int: 12    God:
Gold:   16         SH:  0    Dex: 12    Spells: 3/5 levels left

rFire    . . .     SeeInvis .   e - +0 dagger
rCold    . . .     Gourm    .   (no shield)
rNeg     . . .     Faith    .   c - +0 ring mail
rPois    .         Spirit   .   (no helmet)
rElec    .         Reflect  .   (no cloak)
rCorr    .         Harm     .   (no gloves)
MR       .....                  (no boots)
Stlth    +.........             (no amulet)
HPRegen  0.06/turn              (no ring)
MPRegen  0.09/turn              (no ring)

@: very slightly contaminated
A: powered by death 1
a: no special abilities


You were on level 2 of the Dungeon.
You were very hungry.

You visited 1 branch of the dungeon, and saw 2 of its levels.

You collected 16 gold pieces.

Inventory:

Hand Weapons
 d - a +0 club
 e - a +0 dagger (weapon)
Armour
 c - a +0 ring mail (worn)
Books
 a - a Young Poisoner's Handbook

   Spells                             Type                      Level
   a - Sting                          Conjuration/Poison           1
   b - Poisonous Vapours              Poison/Air                   2
   c - Mephitic Cloud                 Conjuration/Poison/Air       3
   d - Olgreb's Toxic Radiance        Poison                       4
   e - Venom Bolt                     Conjuration/Poison           5
 b - the Disquisition on the Arsonist

   Spells                             Type                      Level
   a - Flame Tongue                   Conjuration/Fire             1
   b - Conjure Flame                  Conjuration/Fire             3
Comestibles
 f - a bread ration


   Skills:
 + Level 1.0 Short Blades
 - Level 1.0 Throwing
 - Level 2.6 Armour
 - Level 1.0 Stealth
 - Level 2.2 Spellcasting
 - Level 3.5 Poison Magic


You had 3 spell levels left.
You knew the following spells:

 Your Spells              Type           Power        Failure   Level  Hunger
a - Sting                 Conj/Pois      #...         26%         1    ##.....
b - Flame Tongue          Conj/Fire      #....        50%         1    ##.....


Dungeon Overview and Level Annotations

Branches:
Dungeon (2/15)

Altars:


Innate Abilities, Weirdness & Mutations

You regenerate a little health from kills.


Message History

The kobold misses you.
The hobgoblin hits you but does no damage.
You climb downwards.
A worm comes into view.
There is a stone staircase leading up here.
You completely miss the kobold. The kobold misses you.
The hobgoblin closely misses you.
You hit the kobold.
The kobold is moderately wounded.
The kobold hits you but does no damage. The worm barely misses you.
The hobgoblin hits you with a club.
* * * LOW HITPOINT WARNING * * *
You hit the kobold but do no damage.
The kobold is moderately wounded.
The kobold hits you.
* * * LOW HITPOINT WARNING * * *
You miss the kobold.
The kobold is moderately wounded.
The hobgoblin barely misses you. The kobold hits you.
You die...

.# .# .#
##.# #..#
#######..#
.........#
#@K#
#...gw.#
#.###.##
###


You could see a worm, a hobgoblin and a kobold.

Vanquished Creatures
  An ooze (D:1)
  A dart slug (D:1)
  A leopard gecko (D:1)
  A giant cockroach (D:1)
  A goblin (D:1)
  2 hobgoblins (D:1)
  2 kobolds (D:1)
  5 rats (D:1)
14 creatures vanquished.

Notes
Turn   | Place    | Note
-------+----------+-------------------------------------------
     0 | D:1      | Raykoid666 the Demonspawn Wanderer began the quest for the Orb.
     0 | D:1      | Raykoid666 set off with: a Young Poisoner's Handbook, the Disquisition on the Arsonist, a +0 ring mail, a +0 club, a bread ration
     0 | D:1      | Reached XP level 1. HP: 13/13 MP: 3/3
     2 | D:1      | Learned a level 1 spell: Sting
     4 | D:1      | Learned a level 1 spell: Flame Tongue
   689 | D:1      | Gained mutation: You regenerate a little health from kills. [demonic ancestry]
   689 | D:1      | Reached XP level 2. HP: 9/19 MP: 3/5
  1114 | D:1      | Reached skill level 1 in Short Blades
  1139 | D:2      | Slain by a kobold

Vault maps used:
D:1:      kennysheep_arrival_seaside
D:2:      grunt_qazlal_clouds, grunt_temple_overflow_open, st_stairs_1

Skill      XL: |  1  2 |
---------------+-------+-----
Short Blades   | 1 |  1.0
Throwing       | |  1.0
Armour         | |  2.6
Stealth        | |  1.0
Spellcasting   | |  2.2
Poison Magic   | |  3.5

Action                   || total
-------------------------++-------
Melee: Dagger            ||    51
       Club              ||     8
 Cast: Sting             ||    12
Armor: Ring mail         ||    24
Dodge: Dodged            ||    33

Table legend:
 A = Spawn XP
 B = Non-spawn XP
 C = Spawn XP percentage of total XP
 D = Spawn monster count
 E = Non-spawn monster count
 F = Spawn count percentage of total count
 G = Total turns spent on level
                    A         B        C        D         E        F      G
               +---------+---------+-------+---------+---------+-------+---------
         Total |       0 |      29 |   0.0 |       0 |      14 |   0.0 |  1139
               +---------+---------+-------+---------+---------+-------+---------
           D:1 |       0 |      29 |   0.0 |       0 |      14 |   0.0 |  1135
               +---------+---------+-------+---------+---------+-------+---------
